 Dungeon Crawl Stone Soup version 0.31-a0-204-g7da18cac08 (webtiles) character file.

Game seed: 8654490989947156890

192 qw the Skirmisher (level 5, -5/29 HPs)
             Began as a Deep Elf Hunter on June 27, 2023.
             Slain by Terence
             ... wielding a +2 flail of holy wrath
              (8 damage)
             ... on level 2 of the Dungeon.
             The game lasted 00:00:26 (972 turns).

qw the Skirmisher (Deep Elf Hunter)                  Turns: 972, Time: 00:00:26

Health: -5/29      AC:  6    Str: 10    XL:     5   Next: 42%
Magic:  7/7        EV: 11    Int: 14    God:
Gold:   86         SH:  0    Dex: 18    Spells: 4/4 levels left

rFire   . . .        Y - +0 shortbow
rCold   . . .        (shield currently unavailable)
rNeg    . . .        g - +0 ring mail
rPois   .            (no helmet)
rElec   .            (no cloak)
rCorr   .            (no gloves)
SInv    .            l - +0 pair of boots
Will    .....        (no amulet)
Stlth   +            (no ring)
HPRegen 0.24/turn    (no ring)
MPRegen 0.10/turn

%: no passive effects
@: no status effects
A: no striking features
a: no special abilities


You were on level 2 of the Dungeon.
You visited 1 branch of the dungeon, and saw 2 of its levels.

You collected 86 gold pieces.


   Skills:
 + Level 1.5 Fighting
 - Level 9.0 Ranged Weapons
 - Level 2.4 Dodging
 - Level 1.2 Stealth


You had 4 spell levels left.
You didn't know any spells.
Your spell library was empty.

Inventory:

Hand Weapons
 Y - a +0 shortbow (weapon)
Armour
 g - a +0 ring mail (worn)
 l - a +0 pair of boots (worn)
Scrolls
 a - a scroll of enchant armour {unknown}
Potions
 b - a potion of curing {unknown}
 d - a potion of haste
 e - a potion of enlightenment {unknown}
 j - a potion of ambrosia {unknown}

Dungeon Overview and Level Annotations

Branches:
Dungeon (2/15)

Altars:

Annotations:
D:2 Terence


Message History

Enter note:
Enter note:
Enter note: You shoot an arrow.
The arrow barely misses the bat.
You hear an angry hiss.
Terence the Incautious comes into view.
He is wielding a +2 flail of holy wrath.
You shoot an arrow.
The arrow hits the bat but does no damage.
The bat hits you but does no damage.
A frilled lizard comes into view.
You shoot an arrow. The arrow hits the bat!
You kill the bat!
Terence shouts, "ATTACK!!!"
You shoot an arrow. The arrow hits the frilled lizard.
The frilled lizard is heavily wounded.
The frilled lizard barely misses you.
You shoot an arrow.
The arrow closely misses the frilled lizard.
The arrow closely misses Terence.
The frilled lizard closely misses you.
You shoot an arrow.
The arrow barely misses the frilled lizard.
The arrow hits Terence.
Terence is lightly wounded.
The frilled lizard bites you.
You shoot an arrow. The arrow hits the frilled lizard!
You kill the frilled lizard!
Your Ranged Weapons skill increases to level 9!
You shoot an arrow. The arrow hits Terence.
Terence is moderately wounded.
Terence hits you with a +2 flail of holy wrath.
You shoot an arrow. The arrow barely misses Terence.
Terence hits you with a +2 flail of holy wrath.
You shoot an arrow. The arrow hits Terence.
Terence is heavily wounded.
Terence hits you with a +2 flail of holy wrath!
You shoot an arrow. The arrow hits Terence.
Terence is heavily wounded.
Terence hits you with a +2 flail of holy wrath! x2
You die...

#####......... #...
........
#...........
.......)...
##.........
.......#..
#......@# #.....#@#
#. ##.....#.# .
#......#.# ##
#........# .
..##...###
##....#######.
#............. #.
#.##..#######.
###...#####.##...##


You could see Terence.

Vanquished Creatures
  Sigmund (D:2)
  A dart slug (D:1)
  4 endoplasms (D:1)
  4 goblins (D:1)
  4 hobgoblins
  6 kobolds (D:1)
  A quokka (D:1)
  2 ball pythons (D:1)
  6 bats
  3 frilled lizards
  7 rats
39 creatures vanquished.

Notes
Turn   | Place    | Note
-------+----------+-------------------------------------------
     0 | D:1      | qw the Deep Elf Hunter began the quest for the Orb.
     0 | D:1      | Reached XP level 1. HP: 12/12 MP: 3/3
     0 | D:1      | 0 ||| qw: Version: 0.3-a-22-g0ed2b0b
     0 | D:1      | 0 ||| qw: Game counter: 6544
     0 | D:1      | 0 ||| qw: Melee chars always use a shield: true
     0 | D:1      | 0 ||| qw: God list: Okawaru
     0 | D:1      | 0 ||| qw: Allow faded altars: false
     0 | D:1      | 0 ||| qw: Do Orc after clearing Dungeon:15 true
     0 | D:1      | 0 ||| qw: Do second Lair branch before Depths: true
     0 | D:1      | 0 ||| qw: Lair rune preference: random
     0 | D:1      | 0 ||| qw: Goals: Normal
     0 | D:1      | 0 ||| PLANNING D:1-11
   189 | D:1      | Reached XP level 2. HP: 16/16 MP: 4/4
   208 | D:1      | Reached skill level 6 in Ranged Weapons
   318 | D:1      | HP: 4/16 [rat (1)]
   323 | D:1      | HP: 4/16 [bat (1)]
   464 | D:1      | Reached XP level 3. HP: 20/20 MP: 5/5
   760 | D:1      | 760 ||| UPGRADING to +0 ring mail.
   770 | D:1      | 770 ||| DROPPING +0 leather armour.
   771 | D:1      | 771 ||| UPGRADING to +0 pair of boots.
   776 | D:1      | 776 ||| READING 3 scrolls labelled WABBEU XIOCK.
   777 | D:1      | 777 ||| READING scroll labelled LYXTOUHUYSH.
   778 | D:1      | 778 ||| READING scroll labelled OTITOU BEFY.
   782 | D:1      | 782 ||| READING scroll labelled VEUPHU GOGESM.
   783 | D:1      | 783 ||| READING scroll labelled YSARATHAAN.
   784 | D:1      | 784 ||| DRINKING 2 glowing yellow potions.
   785 | D:1      | 785 ||| DROPPING 2 scrolls of poison.
   786 | D:1      | 786 ||| DROPPING scroll of butterflies.
   812 | D:2      | Noticed Sigmund
   818 | D:2      | Killed Sigmund
   819 | D:2      | Reached skill level 8 in Ranged Weapons
   819 | D:2      | Reached XP level 4. HP: 25/25 MP: 6/6
   819 | D:2      | Reached XP level 5. HP: 29/29 MP: 7/7
   962 | D:2      | Noticed Terence
   969 | D:2      | Reached skill level 9 in Ranged Weapons
   972 | D:2      | HP: 3/29 [Terence/+2 flail of holy wrath (11)]
   972 | D:2      | Slain by Terence

Levels and vault maps discovered:
D:1:      sevenhm_arrival_forest_fort_small_3, layout_loops_ring, minmay_vboxes
D:2:      layout_rooms, minmay_misc_feat_secret_circle,
          hangedman_abyss_or_decor_lesser_grid, uniq_sigmund, uniq_terence,
          uniq_natasha

Skill      XL: |  1  2  3  4  5 |
---------------+----------------+-----
Ranged Weapons | 6 8 9 |  9.0
Fighting       | |  1.5
Dodging        | |  2.4
Stealth        | |  1.2

Action                     |  1- 3 |  4- 6 || total
---------------------------+-------+-------++-------
   Fire: Shortbow          |    83 |    18 ||   101
    Use: Scroll            |     5 |       ||     5
         Potion            |     1 |       ||     1
 Armour: Leather armour    |     8 |       ||     8
         Ring mail         |       |     1 ||     1
  Dodge: Dodged            |    40 |     2 ||    42

Table legend:
 A = Non-vault XP
 B = Vault XP
 C = Vault XP percentage of total XP
 D = Non-vault monster count
 E = Vault monster count
 F = Vault count percentage of total count
                 A         B        C        D         E       F
            +---------+---------+-------+---------+---------+-------
      Total |      51 |     224 |  81.5 |      33 |       6 |  15.4
            +---------+---------+-------+---------+---------+-------
        D:1 |      41 |      10 |  19.6 |      25 |       5 |  16.7
        D:2 |      10 |     214 |  95.5 |       8 |       1 |  11.1
            +---------+---------+-------+---------+---------+-------
